Map: Abyssal Reef

Players

Guru

  • Race: Zerg Zerg
  • League: Grandmaster
  • Spawn Location: 11:00

Scarlett - Winner!

  • Race: Zerg Zerg
  • League: Diamond
  • Spawn Location: 5:00

Event: HomeStory Cup XVI

VOD

Have the link to the VOD?

Description

Time

  • Played on: Nov. 11, 2017, 2:47 p.m.
  • Length: 20:06

All games in this series

Show
View Real Time Build Order
Export as new Build Order

Guru Zerg 

Build Orders: Hatch First, Lurkers 

Get SALT Encoding   

  12  0:00  Drone  
  13  0:12  Overlord  
  13  0:17  Drone  
  14  0:31  Drone x2  
  14  0:35  Drone  
  17  0:53  Hatchery  
  17  0:55  Drone  
  17  1:10  Spawning Pool  
  16  1:13  Extractor  
  16  1:15  Drone  
  16  1:17  Drone  
  17  1:22  Drone  
  18  1:28  Drone  
  19  1:57  Queen  
  19  1:58  Zergling x2  
  22  2:04  Queen  
  24  2:14  Metabolic Boost  
  24  2:15  Zergling x2  
  25  2:16  Drone  
  25  2:17  Drone  
  25  2:18  Drone  
  28  2:24  Overlord  
  28  2:42  Queen  
  28  2:43  Drone x2  
  28  2:44  Queen  
  32  2:48  Overlord  
  34  2:57  Zergling x4  
  36  3:01  Baneling Nest, Zergling x2  
  36  3:04  Overlord  
  36  3:08  Zergling x4  
  36  3:12  Zergling x2  
  39  3:14  Zergling x2  
  39  3:25  Drone x2  
  33  3:30  Drone x2  
  35  3:36  Drone x2  
  37  3:46  Drone  
  37  3:47  Drone x2  
  40  3:49  Baneling x2  
  40  3:53  Drone  
  40  3:54  Drone  
  42  3:59  Drone x2  
  44  4:03  Drone  
  44  4:05  Drone  
  46  4:12  Lair  
  46  4:15  Drone  
  47  4:21  Drone x2  
  47  4:23  Drone x2  
  52  4:31  Drone  
  52  4:33  Drone, Roach Warren  
  52  4:40  Extractor  
  52  4:43  Extractor  
  52  4:45  Overlord  
  49  4:50  Overlord  
  49  4:51  Drone x2  
  51  4:54  Evolution Chamber  
  51  4:55  Drone  
  51  4:56  Overlord  
  51  4:59  Overlord  
  51  5:01  Overlord  
  51  5:06  Overlord  
  51  5:09  Drone x2  
  51  5:10  Drone x2  
  51  5:13  Glial Reconstitution  
  55  5:16  Drone x2  
  55  5:20  Zerg Missile Weapons Level 1  
  57  5:29  Roach x3  
  63  5:37  Roach x3  
  67  5:43  Roach x2  
  67  5:45  Drone  
  72  5:53  Hatchery  
  70  5:59  Roach x2  
  70  6:02  Roach x5  
  70  6:03  Ravager  
  86  6:08  Roach x2  
  90  6:12  Unknown  
  90  6:20  Overlord  
  90  6:24  Hatchery  
  89  6:27  Roach  
  89  6:28  Extractor  
  89  6:30  Overlord  
  90  6:36  Overlord  
  90  6:39  Ravager x3  
  93  6:43  Roach  
  93  6:46  Roach  
  97  6:47  Drone x2  
  97  6:51  Roach  
  101  6:55  Roach x2  
  101  6:56  Roach  
  101  6:59  Drone  
  101  7:00  Drone x2  
  109  7:07  Drone x4  
  109  7:08  Overseer  
  112  7:14  Drone  
  113  7:22  Roach x2  
  115  7:32  Overlord  
  115  7:35  Overlord  
  115  7:38  Zerg Missile Weapons Level 2, Drone x5  
  115  7:39  Drone  
  115  7:44  Drone  
  122  7:49  Overlord x2  
  122  7:53  Drone  
  122  7:55  Roach x2  
  122  7:56  Roach, Ravager x2  
  122  7:58  Roach, Unknown  
  133  8:01  Roach x2  
  133  8:05  Roach, Extractor  
  138  8:06  Overlord x2  
  138  8:09  Roach  
  140  8:16  Drone  
  140  8:18  Roach x3  
  147  8:23  Drone  
  147  8:24  Hydralisk Den, Drone, Extractor  
  147  8:27  Ravager  
  147  8:28  Ravager  
  147  8:29  Roach x3  
  147  8:31  Roach  
  157  8:34  Roach x2  
  157  8:36  Roach  
  157  8:38  Roach  
  165  8:46  Drone x2  
  165  8:47  Roach  
  169  8:49  Overlord  
  169  8:50  Ravager  
  169  8:51  Overlord x2  
  169  8:53  Overlord  
  170  8:59  Overlord x2  
  170  9:01  Overlord  
  170  9:04  Overlord  
  170  9:11  Roach x4  
  176  9:19  Roach x3  
  176  9:20  Roach x2  
  176  9:21  Roach  
  176  9:23  Roach  
  188  9:29  Roach x5  
  188  9:30  Lurker Den  
  197  9:32  Roach  
  199  9:38  Unknown  
  199  9:56  Drone  
  200  10:04  Hydralisk  
  200  10:12  Unknown  
  186  10:25  Roach x16  
  186  10:27  Roach x2  
  186  10:28  Roach  
  184  10:29  Roach  
  184  10:31  Hydralisk  
  184  10:33  Roach x3  
  194  10:36  Hydralisk  
  196  10:46  Hatchery  
  195  10:50  Unknown x4  
  195  10:51  Hydralisk x2  
  199  10:58  Unknown  
  199  11:01  Lurker  
  200  11:11  Overlord  
  198  11:12  Hydralisk  
  200  11:39  Muscular Augments  
  200  11:40  Zerg Ground Armor Level 1  
  200  11:44  Roach x2  
  200  11:45  Roach  
  196  11:48  Roach x2  
  196  11:51  Hydralisk  
  196  11:53  Lurker, Unknown, Hydralisk x2  
  186  11:54  Unknown  
  186  11:55  Hydralisk x7  
  186  11:56  Hydralisk x3  
  199  12:04  Roach x2  
  199  12:07  Roach x2  
  199  12:08  Roach x2, Unknown  
  199  12:09  Unknown x3  
  192  12:17  Roach  
  192  12:20  Hydralisk x2  
  180  12:24  Lurker x2  
  180  12:25  Lurker x2  
  180  12:27  Overseer  
  184  12:30  Spore Crawler  
  184  12:31  Drone  
  184  12:33  Hydralisk x2  
  184  12:34  Hydralisk  
  184  12:36  Hydralisk, Drone  
  193  12:50  Hydralisk x2  
  193  12:51  Hydralisk  
  199  13:08  Hydralisk x2  
  199  13:19  Drone  
  200  13:20  Infestation Pit  
  200  13:23  Drone  
  200  13:27  Unknown  
  198  13:51  Extractor x2  
  198  13:52  Spine Crawler, Drone  
  198  13:53  Drone x5  
  198  13:54  Spine Crawler  
  198  13:55  Spine Crawler  
  193  13:56  Hydralisk x2  
  193  13:57  Hydralisk x3  
  193  13:58  Spine Crawler  
  193  13:59  Hydralisk  
  193  14:01  Hydralisk  
  200  14:05  Hive  
  191  14:14  Hydralisk x4  
  199  14:20  Hydralisk, Hatchery  
  199  14:23  Unknown x3  
  200  14:30  Unknown  
  194  14:32  Hydralisk  
  194  14:33  Hydralisk x2  
  194  14:37  Spire  
  194  14:38  Drone  
  200  14:40  Spine Crawler x2  
  200  14:42  Spine Crawler  
  200  14:43  Spine Crawler  
  200  14:45  Hydralisk  
  194  14:46  Roach  
  194  14:47  Roach  
  194  14:48  Hydralisk x4  
  200  15:15  Overlord  
  200  15:20  Spire  
  200  15:21  Hydralisk x3  
  194  15:24  Zerg Missile Weapons Level 3  
  194  15:26  Hydralisk  
  194  15:28  Unknown, Hydralisk  
  198  15:29  Hydralisk  
  198  15:32  Drone x3  
  199  15:40  Drone x3  
  200  15:49  Greater Spire  
  200  15:50  Spine Crawler  
  200  15:53  Drone  
  200  16:26  Extractor  
  200  16:29  Drone  
  195  16:36  Zerg Flyer Armor Level 1  
  195  16:38  Corruptor x2  
  199  16:45  Corruptor  
  197  16:47  Unknown  
  197  16:53  Unknown  
  185  16:54  Unknown  
  145  17:01  Hydralisk  
  145  17:02  Hydralisk x14  
  145  17:03  Roach, Corruptor  
  145  17:04  Corruptor x10  
  186  17:10  Drone x2  
  188  17:21  Brood Lord x2  
  192  17:23  Drone x3  
  192  17:26  Brood Lord  
  197  17:40  Brood Lord  
  199  17:44  Overseer  
  199  18:02  Unknown  
  199  18:03  Unknown  
  192  18:22  Brood Lord x4  
  192  18:23  Brood Lord x3  
  198  18:29  Overseer  
  198  18:30  Overseer  
  198  18:33  Drone  
  193  18:35  Spore Crawler  
  176  18:51  Corruptor x2  
  180  18:58  Corruptor x2  
  184  19:10  Overseer x2  
  184  19:22  Corruptor  
  184  19:23  Corruptor x2  
  144  19:46  Unknown  
  144  19:47  Unknown x4  
Show
View Real Time Build Order
Export as new Build Order

Scarlett Zerg - Winner!

Build Orders: Pool First, Lurkers 

Get SALT Encoding   

  12  0:00  Drone  
  13  0:12  Overlord  
  13  0:17  Drone  
  14  0:30  Drone x2  
  14  0:34  Drone  
  17  0:44  Extractor  
  17  0:46  Spawning Pool  
  16  0:50  Drone  
  16  0:55  Drone  
  17  1:07  Drone  
  18  1:17  Drone  
  19  1:22  Hatchery  
  18  1:33  Queen  
  18  1:37  Zergling x2  
  21  1:44  Metabolic Boost  
  21  1:47  Drone  
  21  1:53  Overlord  
  22  2:11  Queen, Baneling Nest  
  22  2:15  Drone  
  24  2:17  Drone  
  25  2:24  Zergling x2  
  26  2:33  Zergling x2  
  27  2:39  Queen, Zergling x2  
  27  2:43  Zergling x2  
  27  2:44  Zergling x2  
  32  2:55  Baneling x2, Zergling x2  
  32  2:56  Zergling x4  
  35  3:00  Overlord  
  35  3:08  Drone  
  35  3:09  Overlord  
  34  3:28  Drone x6  
  34  3:29  Baneling x2  
  39  3:40  Drone  
  39  3:41  Drone x2  
  42  3:50  Drone x4  
  45  3:59  Baneling  
  45  4:10  Drone  
  45  4:11  Drone x3, Hatchery  
  48  4:26  Extractor, Roach Warren, Drone x4  
  48  4:27  Extractor, Drone  
  50  4:37  Overlord  
  50  4:45  Overlord  
  50  4:49  Overlord, Lair  
  50  4:51  Drone x2  
  52  4:56  Evolution Chamber, Drone  
  52  4:57  Drone  
  53  5:01  Drone x4  
  55  5:08  Queen  
  57  5:16  Roach x4  
  65  5:24  Zerg Missile Weapons Level 1, Roach x3  
  70  5:45  Roach  
  70  5:46  Roach x5  
  81  5:51  Overlord x2, Glial Reconstitution  
  81  5:53  Overseer  
  81  5:56  Queen  
  81  6:04  Overlord  
  83  6:17  Drone x2  
  83  6:18  Overlord, Drone x4  
  89  6:19  Overlord  
  89  6:20  Overlord  
  89  6:27  Roach x3  
  95  6:36  Overlord  
  95  6:38  Roach  
  95  6:39  Roach x3  
  103  6:42  Ravager x4  
  103  6:46  Roach  
  107  6:47  Overlord  
  107  6:48  Extractor, Overlord  
  107  6:51  Roach x2, Extractor  
  109  6:59  Roach x2  
  113  7:08  Drone x9  
  119  7:11  Roach  
  123  7:16  Roach x4  
  123  7:19  Roach  
  123  7:22  Overseer  
  133  7:26  Roach  
  135  7:34  Overlord  
  135  7:35  Roach x3  
  135  7:36  Roach  
  143  7:37  Unknown  
  143  7:45  Drone x4  
  143  7:46  Extractor  
  143  7:47  Drone  
  143  7:48  Overlord, Drone x2  
  143  7:49  Zerg Missile Weapons Level 2, Overlord x3  
  149  7:57  Roach  
  149  7:58  Roach  
  153  8:00  Drone  
  153  8:04  Roach x2  
  158  8:05  Overseer  
  158  8:08  Hatchery  
  158  8:12  Roach x4  
  165  8:19  Overlord  
  165  8:20  Roach x3  
  171  8:32  Roach  
  171  8:33  Roach x6  
  185  8:36  Ravager x2  
  187  8:43  Unknown  
  187  8:48  Roach x6  
  199  8:50  Ravager  
  200  8:59  Hydralisk Den  
  200  9:00  Drone  
  196  9:19  Roach  
  196  9:20  Roach  
  200  9:49  Muscular Augments  
  200  9:51  Extractor x2  
  198  9:53  Infestation Pit  
  191  10:00  Hatchery  
  188  10:07  Roach x6  
  182  10:23  Roach  
  182  10:24  Roach x9  
  182  10:26  Roach  
  182  10:27  Roach x8  
  179  10:31  Zerg Ground Armor Level 1  
  179  10:33  Roach x4  
  187  10:38  Roach  
  187  10:43  Tunneling Claws  
  187  10:44  Burrow  
  187  10:49  Roach x6  
  199  10:55  Ravager  
  200  10:58  Ravager  
  196  11:29  Hive  
  191  11:33  Lurker Den  
  188  11:42  Roach  
  188  11:43  Roach x5  
  186  11:54  Roach x30  
  172  12:17  Roach x21  
  164  12:23  Hydralisk x3  
  164  12:24  Hydralisk x7  
  164  12:27  Pneumatized Carapace  
  164  12:28  Zerg Ground Armor Level 2  
  184  12:39  Unknown x2  
  184  12:40  Unknown x2  
  184  12:44  Viper x2  
  184  12:45  Roach x25, Viper x2  
  196  12:54  Spine Crawler  
  196  12:55  Spine Crawler  
  196  12:56  Roach x24, Spine Crawler  
  196  12:57  Spine Crawler  
  192  12:59  Evolution Chamber  
  191  13:10  Lurker x3  
  192  13:14  Overseer  
  192  13:25  Roach x24  
  192  13:26  Pathogen Glands  
  192  13:27  Overlord x2  
  192  13:29  Overlord  
  192  13:33  Spine Crawler x2, Extractor  
  189  13:35  Extractor  
  189  13:40  Unknown  
  188  13:41  Lurker  
  188  13:42  Lurker, Overlord  
  182  13:56  Zerg Missile Weapons Level 3  
  164  14:06  Spire  
  163  14:15  Spine Crawler  
  162  14:17  Spine Crawler  
  161  14:29  Roach  
  161  14:36  Infestor  
  161  14:37  Infestor x3  
  175  14:40  Unknown x2  
  165  14:52  Zerg Ground Armor Level 3  
  157  15:11  Hydralisk x9  
  171  15:41  Spine Crawler x3, Greater Spire, Overlord  
  171  15:42  Spine Crawler, Corruptor x7, Overlord  
  168  15:43  Spine Crawler  
  168  15:44  Corruptor  
  182  15:51  Unknown  
  182  15:52  Unknown  
  162  17:06  Viper x3  
  162  17:08  Brood Lord x5  
  181  17:20  Overlord  
  181  17:21  Overlord x2  
  181  17:22  Drone  
  182  17:26  Roach x19  
  182  17:43  Overseer x2  
  182  18:22  Brood Lord x3  
  182  18:26  Corruptor x5  
  196  18:38  Overlord x2  
  192  18:51  Overseer x2  
  192  18:52  Overlord x2  
  192  18:54  Unknown  
  190  19:10  Corruptor x4  
  198  19:24  Corruptor  
Tags
 
Add a new tag
Caveats
  • Supply blocks, unpowered buildings, or Contaminate may cause inaccurate times.
  • Supply counts are checked every 10 seconds.